 Dungeon Crawl Stone Soup version 0.20-a0-556-g892c87b (webtiles) character file.

45665 krabocopter the Basher (level 14, -6/91 HPs)
             Began as a Gargoyle Gladiator on Feb 5, 2017.
             Was the Champion of Okawaru.
             Killed from afar by an ice dragon (33 damage)
             ... with a blast of cold
             ... on level 6 of the Lair of Beasts.
             The game lasted 01:06:19 (15998 turns).

krabocopter the Basher (Gargoyle Gladiator)        Turns: 15998, Time: 01:06:20

Health: -6/91      AC: 19    Str: 22    XL:     14   Next: 34%
Magic:  19/20      EV: 18    Int: 21    God:    Okawaru [******]
Gold:   920        SH: 10    Dex: 20    Spells: 17/21 levels left

rFire    . . .     SeeInvis .   R - +9 flail of Doom {pain, rN+ Int+4}
rCold    . . .     Gourm    .   (no armour)
rNeg     + + .     Faith    .   O - +0 buckler
rPois    ∞         Spirit   .   y - +3 helmet of Zefus {rPois Dex+4 Stlth+}
rElec    +         Reflect  +   A - +1 cloak
rCorr    .         Harm     .   m - +0 pair of gloves
MR       +....                  d - -1 pair of boots of the Vestibule of Hell {Int+7}
Stlth    ++++......             t - +3 amulet of reflection
Regen    0.3/turn               e - +2 ring of dexterity
                                K - +3 ring of strength

@: heroism, flying
A: big wings, negative energy resistance 1, electricity resistance, unbreathing,
petrification resistance, rot immunity, AC +9
a: Stop Flying, Heroism, Finesse, Renounce Religion


You were on level 6 of the Lair of Beasts.
You worshipped Okawaru.
Okawaru was exalted by your worship.
You were not hungry.

You visited 3 branches of the dungeon, and saw 19 of its levels.
You also visited: Ossuary.

You collected 1017 gold pieces.
You spent 97 gold pieces at shops.

Inventory:

Hand Weapons
 R - the +9 flail of Doom (weapon) {pain, rN+ Int+4}
   (You found it on level 1 of the Lair of Beasts)

   In the hands of one skilled in necromantic magic, it inflicts extra damage on
   living creatures.
   It affects your intelligence (+4).
   It protects you from negative energy.
Armour
 d - the -1 pair of boots of the Vestibule of Hell (worn) {Int+7}
   (You found it on level 4 of the Lair of Beasts)

   It affects your intelligence (+7).
 m - a +0 pair of gloves (worn)
 y - the +3 helmet of Zefus (worn) {rPois Dex+4 Stlth+}
   (You found it on level 4 of the Dungeon)

   It affects your dexterity (+4).
   It protects you from poison.
   It makes you more stealthy.
 A - a +1 cloak (worn)
 E - a +3 chain mail of cold resistance
 O - a +0 buckler (worn)
 U - a +3 scale mail of magic resistance
 X - the +1 leather armour "Juufugi" {+Inv rN+ rCorr Stlth-}
   (You found it on level 6 of the Lair of Beasts)

   It protects you from negative energy.
   It lets you turn invisible.
   It protects you from acid and corrosion.
   It makes you less stealthy.
Jewellery
 e - a +2 ring of dexterity (right hand)
 t - a +3 amulet of reflection (around neck)
 C - an uncursed ring of fire
 K - a +3 ring of strength (left hand)
 V - an uncursed ring of magical power
Wands
 G - a wand of digging (13/24)
Scrolls
 b - 2 scrolls of fear
 g - 3 scrolls of amnesia
 l - 3 scrolls of identify
 p - 8 scrolls of enchant armour
 r - 2 scrolls of remove curse
 s - 4 scrolls of fog
 w - 2 scrolls of enchant weapon
 B - a scroll of teleportation
 I - 2 scrolls of recharging
 L - a scroll of torment {unknown}
 P - 5 scrolls of magic mapping
 T - 3 scrolls of blinking
Potions
 a - a potion of cancellation
 c - 3 potions of might
 i - 6 potions of brilliance
 j - a potion of cure mutation
 k - 4 potions of resistance
 o - 4 potions of heal wounds
 u - 8 potions of curing
 v - 6 potions of lignification
 x - 2 potions of magic
 z - 3 potions of haste
 M - a potion of agility
 Q - a potion of berserk rage {unknown}
 S - a potion of flight {unknown}
 Z - a potion of ambrosia {unknown}
Books
 h - a book of Debilitation

   Spells                             Type                      Level
   a - Corona                         Hexes                        1
   b - Slow                           Hexes                        2
   c - Gell's Gravitas                Hexes/Translocation          3
   d - Inner Flame                    Hexes/Fire                   3
   e - Cause Fear                     Hexes                        4
   f - Leda's Liquefaction            Hexes/Earth                  4
 F - a book of Necromancy

   Spells                             Type                      Level
   a - Pain                           Necromancy                   1
   b - Animate Skeleton               Necromancy                   1
   c - Vampiric Draining              Necromancy                   3
   d - Regeneration                   Charms/Necromancy            3
   e - Animate Dead                   Necromancy                   4
   f - Control Undead                 Necromancy                   4
 H - the Almanac of the Burning Mountains
   (You found it on level 6 of the Dungeon)

   Spells                             Type                      Level
   a - Flame Tongue                   Conjuration/Fire             1
   b - Stone Arrow                    Conjuration/Earth            3
   c - Ignite Poison                  Fire/Transmutation/Poison    3
   d - Leda's Liquefaction            Hexes/Earth                  4
   e - Fireball                       Conjuration/Fire             5
 N - a book of Misfortune

   Spells                             Type                      Level
   a - Confusing Touch                Hexes                        1
   b - Confuse                        Hexes                        3
   c - Gell's Gravitas                Hexes/Translocation          3
   d - Petrify                        Transmutation/Earth          4
   e - Metabolic Englaciation         Hexes/Ice                    5
   f - Yara's Violent Unravelling     Hexes/Transmutation          5
Comestibles
 f - 7 bread rations
 n - 10 royal jellies
 q - 22 fruits
 D - 2 meat rations
 J - 10 chunks of flesh


   Skills:
 - Level 11.8(16.8) Fighting
 - Level 14.0(19.0) Maces & Flails
 - Level 1.7(6.7) Throwing
 - Level 13.3(18.3) Armour
 - Level 2.4(7.4) Dodging
 - Level 4.0(9.0) Shields
 + Level 4.1 Spellcasting
 + Level 8.7 Necromancy


You had 17 spell levels left.
You knew the following spells:

 Your Spells              Type           Power        Failure   Level  Hunger
a - Animate Skeleton      Necr           N/A          1%          1    None
b - Regeneration          Chrm/Necr      ###.......   10%         3    ###....


Dungeon Overview and Level Annotations

Branches:
Dungeon (12/15)            Temple (1/1) D:6            Lair (6/6) D:8
  Swamp (0/4) Lair:2        Snake (0/4) Lair:3        Slime (0/5) Lair:5
    Orc (0/2) D:9

Altars:
Ashenzari
Cheibriados
Dithmenos
Elyvilon
Fedhas
Gozag
Hepliaklqana
Kikubaaqudgha
Makhleb
Nemelex Xobeh
Okawaru
Qazlal
Ru
Sif Muna
Trog
Uskayaw
Vehumet
Xom
Yredelemnul
Zin
The Shining One
Jiyva

Shops:
D:5 !

Annotations:
D:5 potion shop


Innate Abilities, Weirdness & Mutations

You are resistant to torment.
Your stone body is resilient. (AC +9)
You are immune to poison.
Your large and strong wings let you fly indefinitely.
You resist negative energy. (rN+)
You are resistant to electric shocks. (rElec)
You can survive without breathing.
You are immune to petrification.
You are immune to rotting.


Message History

The ice dragon breathes frost at you. The blast of cold misses you.
You closely miss the ice dragon.
The ice dragon is almost dead.
You closely miss the ice dragon.
The ice dragon is almost dead.
The ice dragon misses you.
The ice dragon claws you but does no damage.
You block the ice dragon's attack.
You hit the ice dragon.
The ice dragon writhes in agony.
The ice dragon is almost dead.
You block the ice dragon's attack. The ice dragon claws you.
* * * LOW HITPOINT WARNING * * *
The ice dragon tramples you!
* * * LOW HITPOINT WARNING * * *
You hold your ground!
You feel much better. The ice dragon breathes frost at you.
The blast of cold hits you!
You die...

#............#......#............
.....................#....###...#
#..........................#..#..
....†.........../.............##.
.....#...........#########.......
..#..#<.)...###### #####....#.
..###........#### #...# #.)###.
..####.......##†###h..... #..###.
..#...†..#..P#.#@DYY..... #.P#...
###.....##....####h#..... #......
##..P.♣..##..## ## ..# #......
#.......##...# ##### ###......
......P.####.###...#######.......
.....P....#...[..................
..............P.#.......#P...<...
.................................
......##.............†......#....


You could see an ice dragon, a polar bear, 2 yaks and a wolf.

Vanquished Creatures
  Kirke (Lair:6)
  Erolcha (D:10)
  Harold (Lair:4)
  2 catoblepae (Lair:6)
  4 hydras
  A centaur warrior (D:12)
  A death knight (D:11)
  A deep troll shaman (Lair:6)
  A two-headed ogre (D:10)
  6 death yaks
  Urug (Lair:3)
  2 unseen horrors
  A lindwurm (Lair:6)
  A deep elf mage (D:12)
  2 cyclopes (D:12)
  A manticore (D:10)
  11 elephants
  5 black mambas
  11 spiny frogs
  2 rime drakes
  6 komodo dragons
  2 trolls
  A hornet (D:12)
  2 polar bears
  3 blink frogs (Lair:1)
  7 hippogriffs
  6 dream sheep (Lair:6)
  2 wyverns
  A vampire (D:11)
  16 yaks
  A wraith (D:10)
  Eustachio (D:4)
  2 basilisks
  3 hogs (Lair:6)
  7 vampire mosquitoes
  2 hungry ghosts
  17 water moccasins
  6 porcupines
  3 orc warriors
  4 phantoms
  5 sky beasts
  A black bear (Lair:6)
  4 ice beasts
  4 centaurs
  10 wolves
  4 ogres
  5 crocodiles
  3 big kobolds
  16 bullfrogs
  6 water moccasin zombies (Ossuary)
  5 scorpions
  5 killer bees (D:12)
  3 wights (D:8)
  4 howler monkeys
  A crimson imp (D:6)
  3 centaur zombies
  2 jellies
  3 orc priests
  3 hounds
  An iguana (D:11)
  11 worker ants
  4 orc wizards
  A killer bee zombie (D:7)
  2 big kobold zombies (Ossuary)
  3 mummies
  A howler monkey zombie (D:8)
  A worker ant zombie (D:5)
  A gnoll (D:1)
  A howler monkey skeleton (D:10)
  4 adders
  5 shadow imps
  2 oozes
  6 adder zombies
  2 worms
  3 dart slugs (D:1)
  5 leopard geckos
  22 orcs
  11 bats
  6 giant cockroaches
  A gnoll zombie (Ossuary)
  10 goblins
  10 hobgoblins
  9 jackals
  17 kobolds
  3 quokkas
  A ball python (D:1)
  7 frilled lizards
  5 hobgoblin zombies (Ossuary)
  A jackal skeleton (D:8)
  5 kobold zombies (Ossuary)
  A leopard gecko zombie (D:7)
  7 orc zombies (Ossuary)
  A quokka skeleton (D:4)
  5 rats
410 creatures vanquished.

Vanquished Creatures (others)
  A human (Lair:6)
  A centaur (D:11)
  2 orcs (D:10)
  A kobold (D:10)
  6 fungi
  22 plants
33 creatures vanquished.

Grand Total: 443 creatures vanquished

Notes
Turn   | Place    | Note
-------+----------+-------------------------------------------
     0 | D:1      | krabocopter the Gargoyle Gladiator began the quest for the Orb.
     0 | D:1      | Reached XP level 1. HP: 12/12 MP: 1/1
   284 | D:1      | Reached XP level 2. HP: 13/18 MP: 2/2
   495 | D:1      | Reached XP level 3. HP: 23/23 MP: 3/3
  1166 | D:2      | Found a bloodstained altar of Trog.
  1314 | D:2      | Reached XP level 4. HP: 28/28 MP: 4/4
  1321 | D:2      | Reached skill level 4 in Maces & Flails
  1434 | D:2      | Found a sacrificial altar of Ru.
  2266 | D:3      | Reached XP level 5. HP: 25/33 MP: 5/5
  2399 | D:3      | Found a faded altar of an unknown god.
  2608 | D:4      | Found a stormy altar of Qazlal.
  2640 | D:4      | Noticed Eustachio
  2683 | D:4      | Killed Eustachio
  2683 | D:4      | Reached skill level 5 in Fighting
  2683 | D:4      | Reached skill level 5 in Maces & Flails
  2683 | D:4      | Reached XP level 6. HP: 10/40 MP: 6/6
  2899 | D:4      | Noticed a phantom
  2931 | D:4      | Killed a phantom
  2931 | D:4      | Reached XP level 7. HP: 19/45 MP: 7/7
  3123 | D:4      | Reached skill level 6 in Maces & Flails
  3146 | D:4      | Got a spiked helmet
  3157 | D:4      | Identified the +3 helmet of Zefus {rPois Dex+4 Stlth+} (You found it on level 4 of the Dungeon)
  3290 | D:4      | Found a shimmering altar of Xom.
  3291 | D:4      | Found a hazy altar of Hepliaklqana.
  3292 | D:4      | Noticed a spectral ugly thing
  3358 | D:4      | Found a white marble altar of Elyvilon.
  3605 | D:5      | Entered Level 5 of the Dungeon
  3608 | D:5      | Found a stormy altar of Qazlal.
  3731 | D:5      | Found Goirich's Distillery.
  3774 | D:5      | Bought a potion of heal wounds for 65 gold pieces
  3774 | D:5      | Bought a potion of mutation for 32 gold pieces
  3895 | D:5      | Found an ancient bone altar of Kikubaaqudgha.
  3960 | D:5      | Reached XP level 8. HP: 42/53 MP: 8/8
  3970 | D:5      | Reached skill level 7 in Maces & Flails
  4229 | D:6      | Identified the Almanac of the Burning Mountains
  4280 | D:6      | Found a staircase to the Ecumenical Temple.
  4321 | Temple   | Entered the Ecumenical Temple
  4435 | Temple   | Became a worshipper of Warmaster Okawaru
  4730 | D:6      | Got a smoking quarterstaff
  4731 | D:6      | Identified the cursed +0 quarterstaff "Karexenu" {pain, rC+} (You found it on level 6 of the Dungeon)
  5049 | D:7      | Found a shadowy altar of Dithmenos.
  5075 | D:7      | Reached skill level 1 in Armour
  5141 | D:7      | Found a radiant altar of Vehumet.
  5768 | D:7      | Reached skill level 1 in Shields
  5812 | D:8      | Reached * piety under Okawaru
  5821 | D:8      | Got a thick robe
  5825 | D:8      | Found a shattered altar of Ashenzari.
  5851 | D:8      | Reached XP level 9. HP: 58/59 MP: 9/9
  5871 | D:8      | Reached skill level 5 in Armour
  6033 | D:8      | Found a staircase to the Lair.
  6034 | D:8      | Noticed a komodo dragon
  6348 | D:8      | Found a sand-covered staircase.
  6365 | Ossuary  | Entered an ossuary
  6602 | Ossuary  | Reached ** piety under Okawaru
  6872 | D:8      | Killed a komodo dragon
  7061 | D:9      | Found a bloodstained altar of Trog.
  7127 | D:9      | Reached XP level 10. HP: 34/64 MP: 8/10
  7253 | D:9      | Reached *** piety under Okawaru
  7290 | D:9      | Reached skill level 10 in Armour
  7486 | D:9      | Found a staircase to the Orcish Mines.
  7809 | D:10     | Entered Level 10 of the Dungeon
  7823 | D:10     | Noticed Erolcha
  7834 | D:10     | Killed Erolcha
  7972 | D:10     | Reached **** piety under Okawaru
  8219 | D:10     | Killed an unseen horror
  8325 | D:10     | Noticed a two-headed ogre
  8328 | D:10     | Noticed a manticore
  8352 | D:10     | Killed a two-headed ogre
  8352 | D:10     | Reached XP level 11. HP: 63/68 MP: 8/11
  8366 | D:10     | Received a gift from Okawaru
  8383 | D:10     | Killed a manticore
  8383 | D:10     | Reached skill level 8 in Maces & Flails
  8605 | D:10     | Gained mutation: You are somewhat resistant to further mutation. [mutagenic meat]
  9145 | D:11     | Reached ***** piety under Okawaru
  9221 | D:11     | Noticed a death knight
  9292 | D:11     | Killed a death knight
  9292 | D:11     | Reached skill level 9 in Maces & Flails
  9380 | D:11     | Gained mutation: Scrolls take you a little longer to read. [potion of mutation]
  9381 | D:11     | Gained mutation: You have a pair of small horns on your head. [potion of mutation]
  9383 | D:11     | Gained mutation: You possess an exceptional clarity of mind. [potion of mutation]
  9807 | D:12     | Killed an unseen horror
 10133 | D:12     | Reached skill level 10 in Fighting
 10155 | D:12     | Noticed a centaur warrior
 10185 | D:12     | Killed a centaur warrior
 10304 | D:12     | Found a shimmering altar of Xom.
 10395 | D:12     | Noticed a cyclops
 10417 | D:12     | Reached skill level 10 in Maces & Flails
 10449 | D:12     | Killed a cyclops
 10449 | D:12     | Reached XP level 12. HP: 79/79 MP: 9/12
 10507 | D:12     | Received a gift from Okawaru
 10526 | D:12     | Identified the +1 robe "Nuosacsu" {+Inv rElec Str+4 Dex+4} (You found it on level 8 of the Dungeon)
 10785 | D:12     | Noticed an eight-headed hydra
 10799 | D:12     | Killed an eight-headed hydra
 10997 | Lair:1   | Entered Level 1 of the Lair of Beasts
 11117 | Lair:1   | Reached skill level 11 in Maces & Flails
 11434 | Lair:1   | Lost mutation: Scrolls take you a little longer to read. [potion of cure mutation]
 11434 | Lair:1   | Lost mutation: You have a pair of small horns on your head. [potion of cure mutation]
 11434 | Lair:1   | Lost mutation: You are somewhat resistant to further mutation. [potion of cure mutation]
 11434 | Lair:1   | Lost mutation: You possess an exceptional clarity of mind. [potion of cure mutation]
 11490 | Lair:1   | Got an iridescent flail
 11491 | Lair:1   | Identified the +9 flail of Doom {pain, rN+ Int+4} (You found it on level 1 of the Lair of Beasts)
 11725 | Lair:1   | Learned a level 1 spell: Animate Skeleton
 11840 | Lair:2   | Found a staircase to the Swamp.
 11856 | Lair:2   | Reached skill level 1 in Necromancy
 12492 | Lair:1   | Received a gift from Okawaru
 12791 | Lair:2   | Reached skill level 12 in Maces & Flails
 12986 | Lair:3   | Found a staircase to the Snake Pit.
 12986 | Lair:3   | Noticed Urug
 12999 | Lair:3   | Killed Urug
 12999 | Lair:3   | Reached ****** piety under Okawaru
 13025 | Lair:3   | You fall through a shaft for 3 floors!
 13025 | Lair:6   | Entered Level 6 of the Lair of Beasts
 13042 | Lair:6   | Reached XP level 13. HP: 79/85 MP: 13/13
 13141 | Lair:6   | Reached skill level 5 in Necromancy
 13330 | Lair:4   | Received a gift from Okawaru
 13399 | Lair:4   | Noticed Harold
 13452 | Lair:4   | Killed Harold
 13452 | Lair:4   | Reached skill level 13 in Maces & Flails
 13666 | Lair:4   | Learned a level 3 spell: Regeneration
 13720 | Lair:4   | Got a pair of polished boots
 13726 | Lair:4   | Identified the -1 pair of boots of the Vestibule of Hell {Int+7} (You found it on level 4 of the Lair of Beasts)
 14298 | Lair:5   | Found a staircase to the Slime Pits.
 14299 | Lair:5   | Found a viscous altar of Jiyva.
 14515 | Lair:5   | Received a gift from Okawaru
 14520 | Lair:5   | Got a slimy hunting sling {god gift}
 14610 | Lair:5   | Identified the +6 hunting sling of Revolt {freeze, rF+ Str-3 Int+2 Dex+2} (Okawaru gifted it to you on level 5 of the Lair of Beasts)
 14972 | Lair:6   | Noticed Kirke
 15501 | Lair:6   | Killed Kirke
 15537 | Lair:6   | Gained mutation: Your large and strong wings let you fly indefinitely. [Gargoyle growth]
 15537 | Lair:6   | Reached XP level 14. HP: 91/91 MP: 14/14
 15566 | Lair:6   | Reached skill level 14 in Maces & Flails
 15618 | Lair:6   | Reached skill level 1 in Spellcasting
 15824 | Lair:6   | Got a turquoise-encrusted leather armour
 15827 | Lair:6   | Identified the +1 leather armour "Juufugi" {+Inv rN+ rCorr Stlth-} (You found it on level 6 of the Lair of Beasts)
 15990 | Lair:6   | HP: 1/91 [ice dragon/blast of cold (29)]
 15998 | Lair:6   | Killed from afar by an ice dragon

Vault maps used:
D:1:      minmay_arrival_arboretum_small, minmay_misc_feat_encased,
          minmay_ruptured
D:2:      bloody_trog, old_standard_altar, first_bread
D:3:      chequers_ecumenical_altar_grove, minmay_cupped
D:4:      regret_index_temple_of_mockery, nicolae_qazlal_general_emergency,
          kennysheep_mini, uniq_eustachio
D:5:      lemuel_round_altar, serial_shops, nicolae_shop_waterfront, basic_altar
D:6:      minmay_temple_entry_hall
D:7:      lemuel_ice_spiral_2, grunt_dithmenos_smoke, lemuel_crystal_altar
D:8:      nicolae_ashenzari_panopticon, david_lair_shrubbed,
          gup_ossuary_entry_pyramid
D:9:      orc_0_dummy, basic_altar, hangedman_ranch
D:10:     uniq_erolcha
D:12:     basic_altar
Temple:   minmay_temple_curvy_loop
Lair:1:   infiniplex_staircase_pool_2, serial_bayou_shore_b
Lair:2:   minmay_swamp_entry_swarm, lemuel_fruit_fields
Lair:3:   dummy_snake_entry, beast_lair_carwin_11, uniq_urug, uniq_sonja
Lair:4:   uniq_harold
Lair:5:   slime_altar_1, beast_lair_carwin_5
Lair:6:   grunt_lair_end_beastmaster, portal_ice_cave_entry_animals_and_master,
          serial_bayou_shore_a, uniq_kirke
Ossuary:  ossuary_tomb_2

Skill      XL: |  1  2  3  4  5  6  7  8  9 10 11 12 13 14 |
---------------+-------------------------------------------+-----
Fighting       | 3 4 5 7 10 11 | 11.8
Maces & Flails | 4 5 6 7 10 12 13 14 | 14.0
Armour         | 4 9 13 | 13.3
Shields        | 1 4 |  4.0
Necromancy     | 4 7 8 |  8.7
Spellcasting   | 4 |  4.1
Throwing       | |  1.7
Dodging        | |  2.4

Action                   |  1- 3 |  4- 6 |  7- 9 | 10-12 | 13-15 || total
-------------------------+-------+-------+-------+-------+-------++-------
Melee: Flail             |   133 |   180 |   597 |   990 |   411 ||  2311
       Headbutt          |       |       |       |    91 |       ||    91
Invok: Heroism           |       |       |     1 |     8 |     6 ||    15
 Abil: Fly               |       |       |       |       |     1 ||     1
  Use: Scroll            |       |       |    14 |     7 |     9 ||    30
       Potion            |       |       |     4 |     6 |     3 ||    13
 Stab: Sleeping          |       |       |     1 |       |     2 ||     3
       Distracted        |       |       |     1 |       |     2 ||     3
  Eat: Chunk             |     1 |     6 |    12 |    20 |     9 ||    48
       Fruit             |       |       |     3 |     5 |     3 ||    11
Armor: Leather armour    |    62 |    67 |    66 |       |       ||   195
       Plate armour      |       |       |   252 |   554 |       ||   806
       Scale mail        |       |       |       |   210 |   248 ||   458
       Skin              |       |       |       |       |     5 ||     5
Dodge: Dodged            |   114 |   125 |   222 |   329 |   196 ||   986
Block: Other             |       |    21 |    46 |       |       ||    67
       Buckler           |       |       |   128 |   432 |   183 ||   743
       Reflection        |       |       |     5 |    12 |       ||    17
